 Dungeon Crawl Stone Soup version 0.29.1-15-g9cfb28693d (webtiles) character file.

Game seed: 16005295113300830810

32 112233 the Caller (level 3, -2/24 HPs)
             Began as a Mummy Summoner on Feb 23, 2023.
             Slain by a goblin
             ... wielding a +0 spear
              (5 damage)
             ... on level 3 of the Dungeon.
             The game lasted 00:00:55 (1307 turns).

112233 the Caller (Mummy Summoner)                  Turns: 1307, Time: 00:00:56

Health: -2/24      AC:  2    Str: 11    XL:     3   Next: 8%
Magic:  6/7        EV: 12    Int: 16    God:
Gold:   14         SH:  0    Dex: 12    Spells: 7/8 levels left

rFire   x . .      SeeInvis .   (no weapon)
rCold   + . .      Faith    .   (no shield)
rNeg    + + +      Spirit   .   a - +0 robe
rPois   ∞          Reflect  .   (no helmet)
rElec   .          Harm     .   (no cloak)
rCorr   .          Rampage  .   (no gloves)
Will    .....                   (no boots)
Stlth   ++........              (no amulet)
HPRegen 0.08/turn               (no ring)
MPRegen 0.10/turn               (no ring)

@: no status effects
A: cold resistance 1, negative energy resistance 3, torment resistance 2, heat
vulnerability 1, in touch with death 1, no potions
a: no special abilities


You were on level 3 of the Dungeon.
You visited 1 branch of the dungeon, and saw 3 of its levels.

You collected 14 gold pieces.

Inventory:

Armour
 a - a +0 robe (worn)
Jewellery
 c - a +6 ring of strength
Scrolls
 b - 2 scrolls of teleportation {unknown}
 d - a scroll of immolation {unknown}


   Skills:
 + Level 2.0 Dodging
 + Level 2.0 Stealth
 + Level 3.2 Spellcasting
 + Level 3.5 Summonings


You had 7 spell levels left.
You knew the following spells:

 Your Spells              Type           Power      Damage    Failure   Level
a - Summon Small Mammal   Summ           52%        N/A       4%          1

Your spell library contained the following spells:

 Spells                   Type           Power      Damage    Failure   Level
 Call Imp                 Summ           13%        N/A       7%          2
 Call Canine Familiar     Summ           13%        N/A       13%         3
 Summon Guardian Golem    Hex/Summ       8%         N/A       26%         3
 Summon Lightning Spire   Summ/Air       8%         N/A       65%         4


Dungeon Overview and Level Annotations

Branches:
Dungeon (3/15)

Altars:


Innate Abilities, Weirdness & Mutations

You are immune to poison.
Your flesh is cold resistant. (rC+)
You are immune to negative energy. (rN+++)
You are immune to unholy pain and torment.
You are vulnerable to heat. (rF-)
You are in touch with the powers of death.
You do not drink.


Message History

You closely miss the adder.
The adder is heavily wounded.
The adder barely misses you.
Your rat barely misses the adder.
The adder bites you but does no damage.
The goblin hits you from afar with a +0 spear.
* * * LOW HITPOINT WARNING * * *
Your rat barely misses the adder.
You miss the adder.
The adder is heavily wounded.
The adder bites you.
* * * LOW HITPOINT WARNING * * *
Your rat completely misses the adder.
Your rat barely misses the adder.
The goblin barely misses you.
You barely miss the adder.
The adder is heavily wounded.
The adder closely misses you.
Your rat barely misses the adder.
Your rat completely misses the adder.
The goblin completely misses you.
You closely miss the adder.
The adder is heavily wounded.
The adder closely misses you.
Your rat misses the adder.
The goblin hits you from afar with a +0 spear.
* * * LOW HITPOINT WARNING * * *
Your rat closely misses the adder.
Unknown command.
You hit the adder but do no damage.
The adder is heavily wounded.
The adder barely misses you. The adder bites you but does no damage.
Your rat misses the adder.
Your rat bites the adder.
The goblin hits you from afar with a +0 spear.
* * * LOW HITPOINT WARNING * * *
Unknown command.
You hit the adder.
The adder is almost dead.
The adder misses you. The goblin barely misses you.
Your rat closely misses the adder.
Your rat misses the adder. You hit the adder but do no damage.
You punch the adder.
You kill the adder!
Your rat barely misses the goblin.
The goblin hits you from afar with a +0 spear.
You die...

.....# #..#
.....# ##.#
.....# #.##
.>...####..##
........##..#
.....##..##.#
##
#<######.##.###
.# #.#
#......###.#
#.#
####.#.gr@.#
#.#
#.####r.......
#.# #.#
#.##...## #.#
#.# #.. #..#
#.# #.# #... ..
#.. ... =.#.# #
... ###.. ###


You could see a goblin (ally target) and 2 friendly rats.

Vanquished Creatures
  An adder (D:3)
  A dart slug (D:2)
  An endoplasm (D:1)
  A hobgoblin (D:1)
4 creatures vanquished.

Vanquished Creatures (collateral kills)
  An adder (D:2)
  A bat (D:1)
  3 endoplasms
  A goblin (D:1)
  3 kobolds (D:1)
  2 quokkas
  4 frilled lizards
  A rat (D:1)
16 creatures vanquished.

Grand Total: 20 creatures vanquished

Notes
Turn   | Place    | Note
-------+----------+-------------------------------------------
     0 | D:1      | 112233 the Mummy Summoner began the quest for the Orb.
     0 | D:1      | Reached XP level 1. HP: 13/13 MP: 4/4
   255 | D:1      | Reached XP level 2. HP: 3/19 MP: 0/5
   992 | D:2      | Gained mutation: You are in touch with the powers of death.
                  | [Mummy growth]
   992 | D:2      | Reached XP level 3. HP: 5/24 MP: 0/7
  1307 | D:3      | Slain by a goblin

Illustrated notes

Levels and vault maps discovered:
D:1:      dpeg_arrival_short_road, layout_basic,
          dilly_ecumenical_altar_fadedgnrine
D:2:      layout_basic, uniq_crazy_yiuf_cottage
D:3:      layout_rooms, cheibrodos_worm_habitat, amcnicky_altar_gilded,
          eino_tiny_chamber, kennysheep_big_empty_room

Skill      XL: |  1  2 |
---------------+-------+-----
Spellcasting   | 3 |  3.2
Dodging        | 2 |  2.0
Stealth        | 2 |  2.0
Summonings     | |  3.5

Action                   || total
-------------------------++-------
Melee: Unarmed           ||    29
       Punch             ||     2
 Cast: Summon Small Mamm ||    51
Armor: Robe              ||     9
Dodge: Dodged            ||    59
